 Dungeon Crawl Stone Soup version 0.14-a0-3376-gf173aa4 (webtiles) character file.

148 Psiweapon the Ruffian (level 4, -3/44 HPs)
             Began as a Troll Monk on Mar 20, 2014.
             Killed by divine providence
             ... invoked by an orc priest
              (16 damage)
             ... on Level 3 of the Dungeon.
             The game lasted 00:04:58 (1378 turns).

Psiweapon the Ruffian (Troll Monk)                  Turns: 1378, Time: 00:04:59

HP  -3/44        AC  5     Str 20      XL: 4   Next:  7%
MP  11/11        EV 10     Int  6      God:
Gold 76          SH  0     Dex 12      Spells:  1 memorised,  1 level left

rFire  . . .     SeeInvis .       - Unarmed
rCold  . . .     Clarity  .     a - +0 robe
rNeg   . . .     Conserve .     (shield restricted)
rPois  .         rCorr    .     c - +0 hat
rElec  .         rRot     .     (no cloak)
SustAb . .       Spirit   .     (gloves unavailable)
rMut   .         Warding  .     (boots unavailable)
Gourm  +         Stasis   .     (no amulet)
MR     .....                    (no ring)
                                w - ring of magical power

@: not resistant to hostile enchantments, unstealthy
A: unfitting armour, claws 3, fast metabolism 3, gourmand, regeneration 2,
saprovore 2, shaggy fur 1, tough skin 2
a: no special abilities


You were on level 3 of the Dungeon.
You were very full.

You visited 1 branch of the dungeon, and saw 3 of its levels.

You collected 76 gold pieces.

Inventory:

Missiles
 l - 25 bolts
Armour
 a - a +0 robe (worn)
 c - a +0 hat (worn)
Comestibles
 b - 2 meat rations
 g - a snozzcumber
 j - a rotting chunk of hobgoblin flesh
 n - a pear
 o - a bread ration
 v - 2 chunks of hobgoblin flesh
 x - a chunk of ball python flesh
Scrolls
 e - 2 scrolls of fog {unknown}
 h - a scroll of random uselessness {unknown}
 i - 2 scrolls of immolation {unknown}
 k - a scroll of teleportation {unknown}
 m - a scroll of enchant weapon II {unknown}
 p - a scroll of fear {unknown}
 q - a scroll of enchant weapon I {unknown}
 t - a scroll of blinking {unknown}
Jewellery
 w - a ring of magical power (left claw)
Potions
 d - a potion of beneficial mutation {unknown}
 f - a potion of curing {unknown}
 u - a potion of restore abilities {unknown}
Books
 r - a book of Transfigurations

   Spells                             Type                      Level
   *Stoneskin                         Transmutation/Earth          2
   Ice Form                           Ice/Transmutation            4
   Statue Form                        Transmutation/Earth          6
   Dragon Form                        Transmutation                7
 s - a book of Summonings

   Spells                             Type                      Level
   Abjuration                         Summoning                    3
   Recall                             Summoning/Translocation      3
   Summon Elemental                   Summoning                    4
   Shadow Creatures                   Summoning                    5
   Summon Demon                       Summoning                    5
   Monstrous Menagerie                Summoning                    6


   Skills:
 - Level 2.4 Fighting
 - Level 2.4 Dodging
 - Level 1.1 Stealth
 + Level 5.6 Unarmed Combat


You had one spell level left.
You knew the following spells:

 Your Spells              Type           Power        Failure   Level  Hunger
a - Stoneskin             Trmt/Erth      #.........   77%         2    ###....


Dungeon Overview and Level Annotations

Branches:
Dungeon (3/15)

Altars:


Innate Abilities, Weirdness & Mutations

You are too large for most types of armour.
You have claws for hands.
Your metabolism is lightning-fast.
You like to eat raw meat.
You heal very quickly.
You can eat rotten meat.
You are covered in fur (AC +1).
You have very tough skin (AC +2).


Message History

The orc is almost dead.
The orc priest's eyes start to glow.
The orc hits you but does no damage.
You closely miss the orc.
The orc is almost dead.
The orc priest calls down the wrath of Beogh upon you.
Something smites you! The orc hits you but does no damage.
You hit the orc.
You kill the orc!
You hit the orc.
The orc begins to bleed from its wounds!
The orc is lightly wounded.
The orc hits you but does no damage. The goblin hits you but does no damage.
You hit the orc but do no damage.
The orc is lightly wounded.
The orc hits you with a short sword.
* * * LOW HITPOINT WARNING * * *
The orc priest calls down the wrath of Beogh upon you.
Something smites you!
You die...

..#
#.#
#.#
#.#
#o#
#o#
#o#
#o#
#@#
#g#
#.#
#<#
#.#
#..
....
#..?.
#....#


You could see 2 orc priests, 2 orcs and a goblin.

Vanquished Creatures
  3 adders (D:2)
  3 worms (D:2)
  2 giant geckos
  An ooze (D:1)
  An orc (D:3)
  3 goblins
  5 hobgoblins
  3 jackals (D:2)
  A quokka (D:2)
  A ball python (D:2)
  A bat (D:1)
  A giant cockroach (D:1)
  2 giant newts
  2 kobolds (D:1)
  4 rats
33 creatures vanquished.

Notes
Turn   | Place    | Note
--------------------------------------------------------------
     0 | D:1      | Psiweapon, the Troll Monk, began the quest for the Orb.
     0 | D:1      | Reached XP level 1. HP: 22/22 MP: 1/1
   254 | D:1      | Reached XP level 2. HP: 29/29 MP: 1/1
   659 | D:2      | Reached skill level 5 in Unarmed Combat
   659 | D:2      | Reached XP level 3. HP: 31/36 MP: 2/2
   939 | D:2      | Learned a level 2 spell: Stoneskin
  1183 | D:2      | Reached XP level 4. HP: 44/44 MP: 2/2
  1378 | D:3      | Killed from afar by an orc priest

Action                   |  1- 3 |  4- 6 || total
-------------------------+-------+-------++-------
Melee: Unarmed           |    87 |    11 ||    98
 Stab: Sleeping          |       |     1 ||     1
